 Dungeon Crawl Stone Soup version 0.31-a0-1068-g5939ac1fb6 (webtiles) character file.

Game seed: 12704676335314355439

672 kae the Firebug (level 7, -2/36 HPs)
             Began as a Deep Elf Fire Elementalist on Nov 23, 2023.
             Slain by a mummy (8 damage)
             ... in an ossuary.
             The game lasted 00:03:08 (4134 turns).

kae the Firebug (Deep Elf Fire Elementalist)        Turns: 4134, Time: 00:03:09

Health: -2/36      AC: 13    Str:  5    XL:     7   Next: 32%
Magic:  6/17       EV: 13    Int: 22    God:
Gold:   159        SH:  0    Dex: 18    Spells: 11/17 levels left

rFire   . . .        j - +4 dagger (venom)
rCold   . . .        (no shield)
rNeg    . . .        a - +0 robe
rPois   .            g - +2 hat
rElec   +            (no cloak)
rCorr   .            i - +2 pair of gloves
SInv    .            h - +5 pair of boots of the Gravedigger {rElec Dex+3}
Will    .....        (no amulet)
Stlth   ++           (no ring)
HPRegen 0.26/turn    (no ring)
MPRegen 0.15/turn

%: no passive effects
@: no status effects
A: no striking features
a: no special abilities


You were in an ossuary.
You visited 1 branch of the dungeon, and saw 4 of its levels.
You also visited: Ossuary.

You collected 159 gold pieces.


   Skills:
 - Level 2.4 Dodging
 - Level 2.4 Stealth
 + Level 5.6 Spellcasting
 + Level 4.0 Conjurations
 - Level 4.0 Hexes
 * Level 6.5 Fire Magic


You had 11 spell levels left.
You knew the following spells:

 Your Spells              Type           Power      Damage    Failure   Level
a - Foxfire               Conj/Fire      100%       2x1d9     1%          1
b - Scorch                Fire           70%        2d7       1%          2
c - Inner Flame           Hex/Fire       29%        N/A       3%          3

Your spell library contained the following spells:

 Spells                   Type           Power      Damage    Failure   Level
 Volatile Blastmotes      Fire/Tloc      40%        2d13      8%          3
 Sandblast                Erth           12%        2d6       10%         1
 Flame Wave               Conj/Fire      29%        2d9       11%         4
 Stone Arrow              Conj/Erth      30%        3d8       12%         3
 Passwall                 Tmut/Erth      5%         N/A       14%         2
 Brom's Barrelling Bould  Conj/Erth      15%        2d4       38%         4

Inventory:

Hand Weapons
 j - a +4 dagger of venom (weapon)
   (You took it off Jessica on level 2 of the Dungeon)
Missiles
 d - 21 stones
Armour
 a - a +0 robe (worn)
 g - a +2 hat (worn)
   (You found it on level 2 of the Dungeon)
 h - the +5 pair of boots of the Gravedigger (worn) {rElec Dex+3}
   (You found it on level 2 of the Dungeon)

   Dex+3:     It affects your dexterity (+3).
   rElec:     It insulates you from electricity.
 i - a +2 pair of gloves (worn)
   (You found it on level 2 of the Dungeon)
Potions
 e - a potion of cancellation {unknown}
 k - a potion of mutation {unknown}
 l - a potion of ambrosia {unknown}
 m - a potion of attraction {unknown}

Dungeon Overview and Level Annotations

Branches:
Dungeon (4/15) Zot: 20361 Ossuary (1/1) Zot: 5505
 Temple: D:4-7

Altars:
Elyvilon

Annotations:
D:2 1 runed translucent door, Crazy Yiuf, Robin, Sigmund

##..##..##....##..##
##..##..##..##..##^.#
##..##..##..####..##..
##..##..##..## ##..##.
##..##..##..## ##..##
##..##..##..## ##..#
##..##..##..## ##..
##..##..##vยง## ##.
##..##..##v@## ##
##..##..##.M########### #
##..##..##..Z.MZ.ZM.....
##..##..#######################
##..##..........................
##..#############################
#................................
#################################


You could see a mummy (ally target) and a kobold skeleton.


Message History

Menkaure, Prince of Dust comes into view.
The foxfire hits the mummy!
The mummy is burned terribly! ๐Ÿ˜Ž MP[-1]
You lost 1 mp, and now have 15/16 mp.
Casting: Foxfire (safe; 1% risk of failure)
Confirm with . or Enter, or press ? or * to list all spells.
You conjure some foxfire!
Casting: Foxfire (safe; 1% risk of failure)
Confirm with . or Enter, or press ? or * to list all spells.
You conjure some foxfire!
The foxfire hits the mummy!
The mummy is burned terribly!
You destroy the mummy!
The foxfire hits the goblin zombie. ๐Ÿ˜Ž MP[-1]
Casting: Foxfire (safe; 1% risk of failure)
Confirm with . or Enter, or press ? or * to list all spells.
You conjure some foxfire!
The sentinel's mark upon you fades away.
The foxfire hits the goblin zombie.
The foxfire hits the goblin zombie!
You destroy the goblin zombie! ๐Ÿ˜Ž MP[-1]
You lost 1 mp, and now have 13/17 mp.
Casting: Foxfire (safe; 1% risk of failure)
Confirm with . or Enter, or press ? or * to list all spells.
You conjure some foxfire!
The foxfire hits the goblin zombie!
You destroy the goblin zombie! ๐Ÿ˜Ž MP[-1]
You lost 1 mp, and now have 12/17 mp.
Casting: Foxfire (safe; 1% risk of failure)
Confirm with . or Enter, or press ? or * to list all spells.
You conjure some foxfire!
The foxfire hits Menkaure.
Menkaure is burned terribly!
The foxfire hits Menkaure.
Menkaure giggles, "These cerements are ticklish..."
Menkaure hits you but does no damage.
Casting: Foxfire (safe; 1% risk of failure)
Confirm with . or Enter, or press ? or * to list all spells.
Flames lash Menkaure.
Menkaure is burned terribly!
Menkaure's fire resistance burns away.
Menkaure hits you!
Menkaure barely misses you. ๐Ÿ˜ฎ HP[-11] MP[-2]
You take 11 damage, and now have 25/36 hp.
MASSIVE DAMAGE!! (PAUSE)
You lost 2 mp, and now have 10/17 mp.
Casting: Scorch (safe; 1% risk of failure)
Confirm with . or Enter, or press ? or * to list all spells.
You conjure some foxfire!
Menkaure hits you but does no damage.
The foxfire hits Menkaure but does no damage.
The foxfire hits Menkaure.
A mummy comes into view. ๐Ÿ˜ฎ MP[-1]
You lost 1 mp, and now have 9/17 mp.
Casting: Foxfire (safe; 1% risk of failure)
Confirm with . or Enter, or press ? or * to list all spells.
You conjure some foxfire!
Menkaure is no longer more vulnerable to fire.
Menkaure hits you.
The foxfire hits Menkaure!
Menkaure is burned terribly!
The foxfire hits Menkaure but does no damage. ๐Ÿ˜ฎ HP[-2]
You take 2 damage, and now have 23/36 hp.
Casting: Foxfire (safe; 1% risk of failure)
Confirm with . or Enter, or press ? or * to list all spells.
You conjure some foxfire!
A kobold zombie comes into view.
Menkaure hits you but does no damage.
The foxfire hits Menkaure but does no damage.
The foxfire hits Menkaure!
Menkaure is burned terribly!
You destroy Menkaure!
The mummy closely misses you.
Training target 4.0 for Hexes reached!
Your Conjurations skill increases to level 4!
Your Hexes skill increases to level 4! ๐Ÿ˜ฎ MP[-1]
You lost 1 mp, and now have 8/17 mp.
Casting: Foxfire (safe; 1% risk of failure)
Confirm with . or Enter, or press ? or * to list all spells.
You conjure some foxfire!
The mummy hits you.
* * * LOW HITPOINT WARNING * * *
The foxfire hits the kobold zombie!
The foxfire hits the kobold zombie.
You destroy the kobold zombie! ๐Ÿ˜จ HP[-5] MP[-1]
You take 5 damage, and now have 18/36 hp.
You lost 1 mp, and now have 7/17 mp.
Casting: Foxfire (safe; 1% risk of failure)
Confirm with . or Enter, or press ? or * to list all spells.
You conjure some foxfire!
The mummy hits you!
* * * LOW HITPOINT WARNING * * *
The foxfire hits the mummy!
The mummy is burned terribly!
The foxfire hits the mummy but does no damage.
A kobold skeleton comes into view. ๐Ÿ˜ฑ HP[-13]
You take 13 damage, and now have 5/36 hp.
MASSIVE DAMAGE!! (PAUSE)
Casting: Foxfire (safe; 1% risk of failure)
Confirm with . or Enter, or press ? or * to list all spells.
You conjure some foxfire!
The mummy hits you!
You die...

Skill      XL: |  1  2  3  4  5  6  7 |
---------------+----------------------+-----
Fire Magic     | 4 5 6 |  6.5
Conjurations   | 2 3 4 |  4.0
Hexes          | 1 2 3 4 |  4.0
Spellcasting   | 4 5 |  5.6
Dodging        | |  2.4
Stealth        | |  2.4

Action                     |  1- 3 |  4- 6 |  7- 9 || total
---------------------------+-------+-------+-------++-------
  Melee: Unarmed           |     2 |       |       ||     2
         Dagger            |       |    52 |     1 ||    53
         Punch             |       |     2 |       ||     2
   Cast: Foxfire           |    91 |    58 |    23 ||   172
         Scorch            |       |    25 |     1 ||    26
    Use: Scroll            |       |     2 |       ||     2
         Potion            |       |     3 |       ||     3
   Stab: Distracted        |       |     1 |       ||     1
 Armour: Robe              |    18 |    45 |     9 ||    72
  Dodge: Dodged            |    32 |    62 |     5 ||    99

Levels and vault maps discovered:
D:1:      dpeg_arrival_water_fire, layout_basic, minmay_tiny_reverse_x
D:2:      layout_loops_corners, dk_noncrumbling_4, uniq_sigmund, uniq_jessica,
          uniq_crazy_yiuf_cottage, uniq_robin
D:3:      layout_basic, elyvilon_altar_1,
          hellmonk_ecumenical_altar_inner_sanctum, roderic_three_in_a_row,
          chequers_arboretum
D:4:      layout_basic, mainiacjoe_overflow_boulevard, serial_shops, shop,
          enter_ossuary_3, portal_sewer_entry_b
Ossuary:  ossuary_due_pyramid

Notes
Turn   | Place    | Note
-------+----------+-------------------------------------------
     0 | D:1      | kae the Deep Elf Fire Elementalist began the quest for the
                  | Orb.
     0 | D:1      | Reached XP level 1. HP: 10/10 MP: 6/6
     0 | D:1      | magus.rc [v1.11.3]
   277 | D:1      | Reached XP level 2. HP: 15/15 MP: 4/8
   307 | D:1      | Learned a level 2 spell: Scorch
   511 | D:1      | Reached skill level 4 in Fire Magic
   567 | D:1      | Reached XP level 3. HP: 16/19 MP: 7/10
   643 | D:1      | You pick up a book of Geomancy and begin reading...
   643 | D:1      | You add the spells Sandblast, Passwall, Stone Arrow and
                  | Brom's Barrelling Boulder to your library.
  1097 | D:2      | Learned a level 3 spell: Inner Flame
  1173 | D:2      | Reached skill level 2 in Conjurations
  1318 | D:2      | Identified the +5 pair of boots of the Gravedigger {rElec
                  | Dex+3}
  1518 | D:2      | Noticed Sigmund
  1629 | D:2      | Found a runed translucent door.
  1630 | D:2      | Noticed Crazy Yiuf
  2099 | D:2      | Noticed Robin
  2184 | D:2      | Reached skill level 1 in Hexes
  2184 | D:2      | Reached XP level 4. HP: 24/24 MP: 8/11
  2213 | D:2      | Noticed Jessica
  2216 | D:2      | Killed Jessica
  2217 | D:2      | Reached skill level 4 in Spellcasting
  2620 | D:3      | Found a white marble altar of Elyvilon.
  2998 | D:3      | Found a faded altar of an unknown god.
  3367 | D:3      | Reached XP level 5. HP: 28/28 MP: 9/13
  3461 | D:4      | Noticed a sky beast
  3474 | D:4      | Killed a sky beast
  3475 | D:4      | Reached skill level 3 in Conjurations
  3475 | D:4      | Reached skill level 2 in Hexes
  3475 | D:4      | Reached skill level 5 in Fire Magic
  3575 | D:4      | Reached XP level 6. HP: 30/32 MP: 10/15
  3596 | D:4      | Found a sand-covered staircase.
  3612 | D:4      | Reached skill level 3 in Hexes
  3622 | D:4      | Reached skill level 5 in Spellcasting
  3622 | D:4      | Reached skill level 6 in Fire Magic
  3640 | Ossuary  | Entered an ossuary
  4004 | Ossuary  | Reached XP level 7. HP: 34/36 MP: 14/16
  4107 | Ossuary  | Noticed Menkaure
  4129 | Ossuary  | Killed Menkaure
  4130 | Ossuary  | Reached skill level 4 in Conjurations
  4130 | Ossuary  | Reached skill level 4 in Hexes
  4132 | Ossuary  | HP: 5/36 [mummy (13)]
  4134 | Ossuary  | Slain by a mummy

Vanquished Creatures
  Menkaure (Ossuary)
  A sky beast (D:4)
  A black bear (D:4)
  A phantom (D:4)
  A scorpion (D:4)
  A hound (D:4)
  Jessica (D:2)
  An iguana (D:3)
  2 mummies (Ossuary)
  An adder (D:2)
  2 worms (D:2)
  6 dart slugs
  2 orcs (D:3)
  5 endoplasms
  2 giant cockroaches
  2 gnoll zombies (Ossuary)
  4 goblins (D:2)
  5 hobgoblins
  4 jackals (D:1)
  5 kobolds
  4 quokkas
  4 ball pythons
  4 bats
  2 frilled lizards (D:1)
  4 gnoll skeletons (Ossuary)
  7 goblin skeletons (Ossuary)
  8 goblin zombies
  5 hobgoblin skeletons (Ossuary)
  6 hobgoblin zombies (Ossuary)
  2 kobold skeletons (Ossuary)
  5 kobold zombies (Ossuary)
  An orc skeleton (Ossuary)
  3 rats (D:2)
  4 rat skeletons (Ossuary)
  4 rat zombies
111 creatures vanquished.

Vanquished Creatures (others)
  284 foxfires
284 creatures vanquished.

Grand Total: 395 creatures vanquished

Table legend:
 A = Non-vault XP
 B = Vault XP
 C = Vault XP percentage of total XP
 D = Non-vault monster count
 E = Vault monster count
 F = Vault count percentage of total count
                 A         B        C        D         E       F
            +---------+---------+-------+---------+---------+-------
      Total |     644 |     317 |  33.0 |      54 |      57 |  51.4
            +---------+---------+-------+---------+---------+-------
        D:1 |      45 |       5 |  10.0 |      23 |       2 |   8.0
        D:2 |      54 |      43 |  44.3 |      18 |       4 |  18.2
        D:3 |      50 |       0 |   0.0 |       7 |       0 |   0.0
        D:4 |     495 |       2 |   0.4 |       6 |       2 |  25.0
    Ossuary |       0 |     267 | 100.0 |       0 |      49 | 100.0
            +---------+---------+-------+---------+---------+-------

Skill      XL: |  1  2  3  4  5  6  7 |
---------------+----------------------+-----
Fire Magic     | 4 5 6 |  6.5
Conjurations   | 2 3 4 |  4.0
Hexes          | 1 2 3 4 |  4.0
Spellcasting   | 4 5 |  5.6
Dodging        | |  2.4
Stealth        | |  2.4

Action                     |  1- 3 |  4- 6 |  7- 9 || total
---------------------------+-------+-------+-------++-------
  Melee: Unarmed           |     2 |       |       ||     2
         Dagger            |       |    52 |     1 ||    53
         Punch             |       |     2 |       ||     2
   Cast: Foxfire           |    91 |    58 |    23 ||   172
         Scorch            |       |    25 |     1 ||    26
    Use: Scroll            |       |     2 |       ||     2
         Potion            |       |     3 |       ||     3
   Stab: Distracted        |       |     1 |       ||     1
 Armour: Robe              |    18 |    45 |     9 ||    72
  Dodge: Dodged            |    32 |    62 |     5 ||    99

Illustrated notes

Table legend:
 A = Kills in this place as a percentage of kills in the entire game.
 B = Kills by you in this place as a percentage of kills by you in the entire game.
 C = Kills by friends in this place as a percentage of kills by friends in the entire game.
 D = Other kills in this place as a percentage of other kills in the entire game.
 E = Experience gained in this place as a percentage of experience gained in the entire game.
 F = Experience gained in this place divided by the number of levels of this place that you have seen.
                   A       B       C       D       E      F
               +-------+-------+-------+-------+-------+----------------------
         Total | 100.0 | 100.0 |   N/A |   N/A | 100.0 | 192.2
       Dungeon |  55.9 |  55.9 |   N/A |   N/A |  72.2 | 173.5
       Ossuary |  44.1 |  44.1 |   N/A |   N/A |  27.8 | 267.0
               +-------+-------+-------+-------+-------+----------------------

Table legend: (Time is in decaauts)
 A = Elapsed time spent in this place.
 B = Non-inter-level travel time spent in this place.
 C = Inter-level travel time spent in this place.
 D = Time resting spent in this place.
 E = Time spent auto-exploring this place.
 F = Levels seen in this place.
 G = Mean time per level.
                   A        B        C        D        E       F      G
               +--------+--------+--------+--------+--------+-----+--------+
         Total |   4132 |   3985 |    147 |     35 |   3178 |   5 |  826.4 |
       Dungeon |   3638 |   3491 |    147 |     20 |   2982 |   4 |  909.5 |
       Ossuary |    493 |    493 |      0 |     15 |    196 |   1 |  493.0 |
               +--------+--------+--------+--------+--------+-----+--------+

Top non-repeatable levels by time:
     D:2: 1418 daAuts
     D:1: 1092 daAuts
     D:3: 927 daAuts
 Ossuary: 493 daAuts
     D:4: 200 daAuts
